 Dungeon Crawl Stone Soup version 0.25-a0-283-ge7e91ba8d0 (webtiles) character file.

Game seed: 3701733473155339490, levelgen mode: deterministic

14705 Gargoyl the Schismatic (level 11, 0/95 HPs)
             Began as a Centaur Abyssal Knight on Dec 10, 2019.
             Was an Elder of Lugonu.
             Slain by a hell knight
             ... wielding a +3 broad axe of draining
              (10 damage)
             ... on level 11 of the Dungeon on Dec 11, 2019.
             The game lasted 00:23:49 (15099 turns).

Gargoyl the Schismatic (Centaur Abyssal Knight)    Turns: 15099, Time: 00:23:49

Health: 0/95       AC: 20    Str: 24    XL:     11   Next: 92%
Magic:  17/17      EV:  5    Int:  9    God:    Lugonu [****..]
Gold:   187        SH:  4    Dex: 10    Spells: 10/10 levels left

rFire    + + .     SeeInvis .   F - +0 hand axe (elec)
rCold    . . .     Gourm    .   A - +1 buckler "Qoocuonoh" {-Cast rElec Str+7}
rNeg     . . .     Faith    .   H - +0 plate armour
rPois    .         Spirit   .   h - +2 helmet
rElec    +         Reflect  .   k - +2 cloak
rCorr    .         Harm     .   e - +2 pair of gloves
MR       .....     NoCast   +   (no barding)
Stlth    ..........             x - amulet of the acrobat
HPRegen  0.25/turn              v - ring of protection from fire
MPRegen  0.15/turn              t - ring of protection from fire

@: very heavily drained, very quick
A: large, hooves 3, deformed body, dopey 1, speed 2, tough skin 3
a: Depart the Abyss, Bend Space, Banish, Corrupt, Renounce Religion


You were on level 11 of the Dungeon.
You worshipped Lugonu.
Lugonu was greatly pleased with you.
You were not hungry.

You visited 1 branch of the dungeon, and saw 11 of its levels.
You visited the Abyss 1 time.

You collected 716 gold pieces.
You spent 529 gold pieces at shops.

Inventory:

Hand Weapons
 d - a +4 halberd of venom
 q - a +0 war axe of freezing
 F - a +0 hand axe of electrocution (weapon)
 G - a +0 broad axe
 J - the +9 spear of Moderation {pierce, rPois rF- rN+++ Int+6 SInv}
   (You found it on level 11 of the Dungeon)

   It inflicts extra damage upon your enemies.
   It affects your intelligence (+6).
   It makes you vulnerable to fire.
   It protects you from poison.
   It renders you almost immune to negative energy.
   It lets you see invisible.
Missiles
 y - 9 boomerangs (quivered)
Armour
 e - a +2 pair of gloves (worn)
 h - a +2 helmet (worn)
 k - a +2 cloak (worn)
 A - the +1 buckler "Qoocuonoh" (worn) {-Cast rElec Str+7}
   (You bought it in a shop on level 9 of the Dungeon)

   It affects your strength (+7).
   It insulates you from electricity.
   It prevents spellcasting.
 H - a +0 plate armour (worn)
Jewellery
 t - a ring of protection from fire (right hand)
 v - a ring of protection from fire (left hand)
 x - an amulet of the acrobat (around neck)
 C - an uncursed amulet of faith {unknown}
Wands
 o - a wand of flame (22)
 r - a wand of paralysis (5)
 s - a wand of iceblast (8)
 z - a wand of polymorph (17)
 D - a wand of digging (5)
 E - a wand of disintegration (11)
Scrolls
 a - a scroll of identify
 n - 2 scrolls of enchant armour
 p - 5 scrolls of teleportation
 u - 5 scrolls of remove curse
 B - a scroll of fog
 I - 2 scrolls of magic mapping
 K - a scroll of fear
Potions
 b - a potion of heal wounds
 f - a potion of ambrosia {unknown}
 i - 2 potions of flight
 j - a potion of curing
 l - a potion of agility
 m - 3 potions of brilliance
 w - 3 potions of lignification
Comestibles
 c - 24 rations


   Skills:
 + Level 8.6(5.3) Fighting
 + Level 4.1(1.2) Axes
 + Level 2.0(0.0) Throwing
 * Level 8.7(5.4) Armour
 * Level 7.8(4.5) Dodging
 + Level 1.4(0.0) Shields
 * Level 9.1(5.8) Invocations


You had 10 spell levels left.
You didn't know any spells.
Your spell library contained the following spells:

 Spells                   Type           Power        Failure   Level  Hunger
 Animate Skeleton         Necr           N/A          100%        1    ##.....
 Apportation              Tloc           #.....       100%        1    ##.....
 Confusing Touch          Hex            #.....       100%        1    ##.....
 Corona                   Hex            #......      100%        1    ##.....
 Shock                    Conj/Air       #...         100%        1    ##.....
 Summon Small Mammal      Summ           #...         100%        1    ##.....
 Call Imp                 Summ           #.......     100%        2    ###....
 Ensorcelled Hibernation  Hex/Ice        #.....       100%        2    ###....
 Swiftness                Chrm/Air       #.......     100%        2    ###....
 Call Canine Familiar     Summ           #.......     100%        3    ####...
 Confuse                  Hex            #.......     100%        3    ####...
 Dazzling Flash           Conj/Hex       #.....       100%        3    ####...
 Gell's Gravitas          Tloc           #.........   100%        3    ####...
 Static Discharge         Conj/Air       #.......     100%        3    ####...
 Summon Guardian Golem    Hex/Summ       #.......     100%        3    ####...
 Tukima's Dance           Hex            #.......     100%        3    ####...
 Airstrike                Air            #.........   100%        4    #####..
 Petrify                  Tmut/Erth      #.......     100%        4    #####..
 Summon Ice Beast         Ice/Summ       #.......     100%        4    #####..
 Summon Lightning Spire   Summ/Air       #.......     100%        4    #####..
 Lightning Bolt           Conj/Air       #.........   100%        5    ######.
 Metabolic Englaciation   Hex/Ice        #.........   100%        5    ######.
 Yara's Violent Unravell  Hex/Tmut       #.........   100%        5    ######.


Dungeon Overview and Level Annotations

Branches:
Dungeon (11/15)            Temple (0/1) D:6
   Lair: D:8-11         Orc: D:9-12

Altars:
Elyvilon
Ru

Shops:
D:9 *   D:10 (


Innate Abilities, Weirdness & Mutations

You have hooves in place of feet.
Armour fits poorly on your strangely shaped body.
You cover ground very quickly.
You have extremely tough skin. (AC +3)
You are dopey. (Int -2)


Message History

You feel drained.
You feel much better.
The hell knight hits you with a +3 broad axe of draining!
* * * LOW HITPOINT WARNING * * *
You feel drained.
* * * LOW HITPOINT WARNING * * *
Press: ? - help, Shift-Dir - straight line, f - hell knight
Aim: a hell knight, wielding a +3 broad axe of draining and wearing a +0 chain mail (moderately wounded, chance to defeat MR: 71%)
You fail to use your ability.
The hell knight barely misses you.
Press: ? - help, Shift-Dir - straight line, f/p - hell knight
Aim: a hell knight, wielding a +3 broad axe of draining and wearing a +0 chain mail (moderately wounded, chance to defeat MR: 71%)
Okay, then.
You feel much better.
Press: ? - help, Shift-Dir - straight line, f/p - hell knight
Aim: a hell knight, wielding a +3 broad axe of draining and wearing a +0 chain mail (moderately wounded, chance to defeat MR: 71%)
You fail to use your ability.
The hell knight hits you with a +3 broad axe of draining!!
* * * LOW HITPOINT WARNING * * *
You feel drained.
You die...

.....#.# #.#..##
.....#.# #.≈...#
.....#.# #.≈..##
#....#.# #.≈.##
#.>..#.#p .#.≈.#
###..#.#h#####.#.≈.#
#..#.#$hppph.#.#.#
#..#.###§≈≈###.#.#
#..#..(......p@#.#
#..#############.#
#................#
#..........#######
############


You could see a hell knight and a hell hound.

Vanquished Creatures
  Josephine (D:10)
  2 unseen horrors
  Pikel (D:3)
  Joseph (D:7)
  A centaur zombie (D:11)
  3 kobold demonologists (D:11)
  Grinder (D:3)
  2 hippogriffs
  2 wyverns
  A spriggan (D:9)
  5 wraiths (D:10)
  Eustachio (D:6)
  12 yaks (D:9)
  Grum (D:11)
  4 hell hounds (D:11)
  2 black bears (D:9)
  An ice beast (D:6)
  3 orc warriors
  5 sky beasts
  3 phantoms
  3 wolves
  8 ogres
  2 centaurs
  2 crocodiles (D:9)
  A big kobold (D:11)
  7 bullfrogs
  A gnoll sergeant (D:5)
  3 scorpions
  2 jellies (D:9)
  A killer bee (D:7)
  An electric eel (D:9)
  3 howler monkeys
  9 wights
  A bullfrog zombie (D:10)
  A quasit (D:8)
  4 orc priests
  4 hounds
  3 bullfrog skeletons
  A gnoll shaman (D:5)
  2 iguanas (D:10)
  13 orc wizards
  10 worker ants
  A killer bee zombie (D:6)
  3 worker ant zombies
  18 gnolls
  A howler monkey skeleton (D:6)
  11 adders
  4 shadow imps
  An adder skeleton (D:6)
  A worm (D:2)
  A dart slug (D:2)
  5 leopard geckos
  40 orcs
  3 giant cockroaches
  4 hobgoblins
  11 jackals
  12 kobolds
  A quokka (D:2)
  2 ball pythons
  5 bats
  3 frilled lizards (D:3)
  6 goblins
  2 quokka skeletons
  A quokka zombie (D:5)
  8 rats
278 creatures vanquished.

Vanquished Creatures (others)
  2 hydras (D:8)
  The ghost of astraldaughter the Cleaver, a novice HOFi of Beogh (D:8)
  A vampire (D:10)
  6 plants (D:8)
10 creatures vanquished.

Grand Total: 288 creatures vanquished

Notes
Turn   | Place    | Note
-------+----------+-------------------------------------------
     0 | Abyss:1  | Gargoyl the Centaur Abyssal Knight began the quest for the
                  | Orb.
     0 | Abyss:1  | Reached XP level 1. HP: 19/19 MP: 2/2
    78 | Abyss:2  | Found a corrupted altar of Lugonu.
    92 | Abyss:3  | Noticed an orange demon
    92 | Abyss:3  | Noticed an orange demon
   129 | Abyss:4  | Noticed a blink frog
   131 | Abyss:4  | Noticed a flying skull
   131 | Abyss:4  | Noticed a flying skull
   131 | D:1      | Escaped the Abyss
   892 | D:1      | Reached XP level 2. HP: 22/26 MP: 3/3
  1280 | D:2      | You fall into a shaft and drop 1 floor!
  1411 | D:3      | Reached skill level 1 in Dodging
  1628 | D:2      | Reached * piety under Lugonu
  1643 | D:2      | Reached XP level 3. HP: 31/31 MP: 4/4
  2453 | D:3      | Reached XP level 4. HP: 36/40 MP: 5/5
  2966 | D:3      | Reached ** piety under Lugonu
  3311 | D:4      | Noticed an ogre
  3328 | D:4      | Killed an ogre
  3328 | D:4      | Reached skill level 3 in Invocations
  3328 | D:4      | Reached XP level 5. HP: 46/46 MP: 7/7
  3345 | D:4      | Noticed Grinder
  3352 | D:4      | Paralysed by Grinder for 7 turns
  3385 | D:3      | Paralysed by Grinder for 7 turns
  3404 | D:3      | Paralysed by Grinder for 6 turns
  3417 | D:3      | Killed Grinder
  3417 | D:3      | Reached XP level 6. HP: 39/53 MP: 8/8
  3601 | D:3      | Upgraded the game from 0.25-a0-279-g53730b6a6f to
                  | 0.25-a0-283-ge7e91ba8d0
  3964 | D:4      | Reached XP level 7. HP: 51/60 MP: 9/9
  4075 | D:4      | Noticed Pikel
  4130 | D:3      | Killed Pikel
  4130 | D:3      | Reached skill level 5 in Fighting
  4130 | D:3      | Reached skill level 4 in Invocations
  4403 | D:4      | Reached XP level 8. HP: 68/68 MP: 11/11
  4698 | D:5      | Entered Level 5 of the Dungeon
  5441 | D:5      | Reached skill level 5 in Dodging
  6005 | D:6      | Found a staircase to the Ecumenical Temple.
  6053 | D:6      | Found a white marble altar of Elyvilon.
  6122 | D:6      | Reached *** piety under Lugonu
  6139 | D:6      | Reached skill level 5 in Invocations
  6259 | D:6      | Reached XP level 9. HP: 47/75 MP: 12/12
  6562 | D:6      | Noticed Eustachio
  6574 | D:6      | Killed Eustachio
  6768 | D:7      | Noticed Joseph
  6791 | D:7      | Killed Joseph
  6986 | D:7      | Reached skill level 5 in Armour
  7030 | D:7      | Killed an unseen horror
  8262 | D:8      | Reached skill level 6 in Invocations
  8571 | D:8      | Reached XP level 10. HP: 78/86 MP: 14/14
  8671 | D:8      | Found a sacrificial altar of Ru.
  8733 | D:8      | Reached **** piety under Lugonu
  8881 | D:8      | Found a runed translucent gate.
  8881 | D:8      | Found a runed translucent gate.
  8881 | D:8      | Found a runed translucent gate.
  8882 | D:8      | Noticed a nine-headed hydra
  8884 | D:8      | Noticed astraldaughter's ghost (novice HOFi)
  8885 | D:8      | Noticed an 11-headed hydra
  9227 | D:8      | Banished an 11-headed hydra
  9252 | D:8      | Banished astraldaughter's ghost
  9315 | D:8      | Banished a nine-headed hydra
  9711 | D:8      | Got a transparent long sword
  9718 | D:8      | Identified the cursed +1 long sword of Zideik {slice, MR+++
                  | Str+4 Int-2} (You found it on level 8 of the Dungeon)
  9829 | D:9      | Reached skill level 7 in Invocations
  9831 | D:9      | Reached skill level 1 in Throwing
 10396 | D:9      | Reached skill level 8 in Invocations
 11147 | D:9      | Reached XP level 11. HP: 77/94 MP: 17/17
 11534 | D:9      | Found Kidao's General Store.
 11568 | D:9      | Bought the +1 buckler "Qoocuonoh" {-Cast rElec Str+7} for
                  | 405 gold pieces
 11833 | D:10     | Entered Level 10 of the Dungeon
 13078 | D:10     | Found Pudoom's Antique Weapon Emporium.
 13086 | D:10     | Bought a broad axe for 124 gold pieces
 13156 | D:11     | Noticed Josephine
 13392 | D:10     | Killed Josephine
 13906 | D:11     | Noticed Grum
 13918 | D:11     | Killed Grum
 14017 | D:11     | Got a smoking spear
 14027 | D:11     | Noticed a sixfirhy
 14028 | D:11     | Reached skill level 1 in Shields
 14060 | D:11     | Gained mutation: You are dopey. (Int -2) [a neqoxec]
 14089 | D:11     | Reached skill level 9 in Invocations
 14166 | D:11     | Identified the +9 spear of Moderation {pierce, rPois rF-
                  | rN+++ Int+6 SInv} (You found it on level 11 of the Dungeon)
 14211 | D:11     | Killed an unseen horror
 14551 | D:11     | Noticed a hell knight
 14554 | D:11     | Noticed a hell knight
 14561 | D:11     | Banished a hell knight
 14844 | D:11     | Noticed a hell knight
 14845 | D:11     | Noticed a hell knight
 14847 | D:11     | Noticed a hell knight
 14850 | D:11     | Noticed a hell knight
 14850 | D:11     | Noticed a hell knight
 15095 | D:11     | HP: 4/95 [hell knight/+3 broad axe of draining (1)]
 15099 | D:11     | Slain by a hell knight

Levels and vault maps discovered:
D:1:      erik_arrival_blinker_ship, layout_basic, minmay_pentomino_s2
D:2:      layout_rooms, first_ration
D:3:      layout_basic
D:4:      layout_rooms, uniq_pikel, uniq_grinder
D:5:      layout_basic
D:6:      layout_rooms, elyvilon_altar_5, minmay_temple_entry_mist,
          kennysheep_minor_cross, uniq_eustachio
D:7:      layout_loops_corners, wad_mini_maze, uniq_joseph
D:8:      layout_loops_corners, gammafunk_ghost_hydra_chop,
          nicolae_ru_awakened_eye
D:9:      layout_gridville, serial_shops, nicolae_shop_behind_doors, the_bakery,
          minmay_crystal_water
D:10:     layout_irregular_city, serial_shops,
          nicolae_shop_temple_entry_statues_fountains
D:11:     layout_basic, lair_entry_dummy, minmay_orc_entry_temple_small,
          portal_ice_cave_entry_pillars_2, minmay_rotating_lava, uniq_grum,
          uniq_josephine

Skill      XL: |  1  2  3  4  5  6  7  8  9 10 11 |
---------------+----------------------------------+-----
Dodging        | 1 2 3 4 5 6 7 |  7.8
Axes           | 2 4 |  4.1
Armour         | 2 3 4 5 7 8 |  8.7
Fighting       | 4 5 6 7 8 |  8.6
Invocations    | 3 4 5 6 8 9 |  9.1
Throwing       | 1 2 |  2.0
Shields        | 1 |  1.4

Action                   |  1- 3 |  4- 6 |  7- 9 | 10-12 || total
-------------------------+-------+-------+-------+-------++-------
Melee: Halberd           |   108 |    79 |   322 |   228 ||   737
       Kick              |    10 |    15 |    62 |   148 ||   235
       Hand axe          |       |       |       |   331 ||   331
Throw: Boomerang         |       |       |     2 |    12 ||    14
Invok: Depart the Abyss  |     1 |       |       |       ||     1
       Banish            |       |       |       |     8 ||     8
       Bend Space        |       |       |       |     3 ||     3
  Use: Scroll            |     4 |       |    15 |     6 ||    25
       Potion            |       |     8 |       |     6 ||    14
  Eat: Chunk             |     4 |     3 |    13 |    16 ||    36
       Ration            |       |       |       |     2 ||     2
Armor: Leather armour    |    59 |    54 |    98 |       ||   211
       Skin              |       |     7 |     1 |       ||     8
       Scale mail        |       |       |    85 |       ||    85
       Chain mail        |       |       |    31 |   240 ||   271
       Plate armour      |       |       |       |   254 ||   254
Dodge: Dodged            |    67 |    42 |   208 |   263 ||   580
Block: Buckler           |       |       |       |    76 ||    76

Table legend:
 A = Non-vault XP
 B = Vault XP
 C = Vault XP percentage of total XP
 D = Non-vault monster count
 E = Vault monster count
 F = Vault count percentage of total count
                 A         B        C        D         E       F
            +---------+---------+-------+---------+---------+-------
      Total |   13230 |    7778 |  37.0 |     257 |      26 |   9.2
            +---------+---------+-------+---------+---------+-------
        D:1 |      14 |       1 |   6.7 |       7 |       1 |  12.5
        D:2 |      34 |       0 |   0.0 |      12 |       0 |   0.0
        D:3 |     108 |     883 |  89.1 |      29 |       2 |   6.5
        D:4 |     565 |       0 |   0.0 |      17 |       0 |   0.0
        D:5 |     863 |       0 |   0.0 |      30 |       0 |   0.0
        D:6 |     472 |     196 |  29.3 |      24 |       1 |   4.0
        D:7 |     430 |    1387 |  76.3 |      15 |       4 |  21.1
        D:8 |    1381 |    1628 |  54.1 |      27 |       3 |  10.0
        D:9 |    4446 |     215 |   4.6 |      48 |       1 |   2.0
       D:10 |    2066 |    2138 |  50.9 |      26 |       7 |  21.2
       D:11 |    2851 |    1330 |  31.8 |      22 |       7 |  24.1
            +---------+---------+-------+---------+---------+-------
